AoeStats
← [Massa] Edo

Oasis

508355811Analyzed
2v2 RM · 9d ago on Sep 22, 2026· 25m 3s· 4 players
Game mode
Random Map
Map size
Medium (4 player)
Population
200
Speed
Normal
Resources
Standard
Victory
Conquest
Starting age
Dark Age
Ending age
Imperial Age
RankedLock teamsTeams togetherTeam positionsShared explorationLock speedFull tech treeHidden civsTurbo modeCheats
Victory
Defeat
🇦🇷 Britons · Argentina
1580
+13
🇦🇷 Magyars · Argentina
1305
+25
🇧🇷 Koreans · Brazil
1531
-20
🇧🇷 Wei · Brazil
1488
-18
URU | Deo
8:28 Feudal Age
9:53 Loom
10:00 Double-Bit Axe
14:10 Fletching
17:59 Horse Collar
24:21 Castle Age
23:00 Gold Mining
25:39 Wheelbarrow
24:36 Crossbowman
25:11 Bodkin Arrow
25:29 Bow Saw
25:21 Heavy Plow
Hodor
6:21 Loom
9:04 Feudal Age
9:32 Double-Bit Axe
14:33 Horse Collar
15:34 Wheelbarrow
22:22 Castle Age
21:14 Bloodlines
21:10 Scale Barding Armor
23:25 Chain Barding Armor
23:06 Husbandry
22:29 Light Cavalry
24:09 Gold Mining
[Massa] Edo
9:41 Loom
11:35 Feudal Age
17:55 Castle Age
22:15 Horse Collar
23:05 Double-Bit Axe
tg
8:18 Loom
10:41 Feudal Age
11:37 Double-Bit Axe
11:33 Horse Collar
18:28 Wheelbarrow
21:59 Castle Age
20:57 Gold Mining
21:41 Stone Mining
21:57 Fletching
22:32 Padded Archer Armor
22:51 Bodkin Arrow
Connection lost

Rejoining the realm…

Still unreachable

The connection could not be restored.

Session expired

The server has moved on; the page needs a fresh start.